3AA
SPRINGFIELD SHOOTERS @ GLENDALE HERONS
08/19/2025
 
TOP OF THE 1ST
Springfield Shooters batting - Pitching for Glendale Herons : RHP Bob McGhee
Pitching: RHP Bob McGhee
Batting: LHB John Ennis 0-0: Ball
1-0: Foul Ball, location: 2F
1-1: Called Strike
1-2: Ball
2-2: Ball
3-2: Fly out, F8 (Flyball, 8LM)
Batting: RHB Tripp Donahue 0-0: Ball
1-0: Ball
2-0: Foul Ball, location: 2F
2-1: DOUBLE (Flyball, 78D)
Batting: LHB Gabriel Díaz 0-0: Foul Ball, location: 2F
0-1: Fly out, F9 (Flyball, 9)
Batting: RHB Fernando Rivera 0-0: Foul Ball, location: 2F
0-1: Ball
1-1: Called Strike
1-2: Strikes out swinging
Top of the 1st over - 0 run(s), 1 hit(s), 0 error(s), 1 left on base; Springfield 0 - Glendale 0
BOTTOM OF THE 1ST
Glendale Herons batting - Pitching for Springfield Shooters : RHP Ken Aldridge
Pitching: RHP Ken Aldridge
Batting: RHB Luis Trevino 0-0: Ball
1-0: Ball
2-0: SINGLE (Line Drive, 34D)
Batting: RHB Jordan Hollins 0-0: Ball
1-0: Ball
2-0: Called Strike
2-1: Foul Ball, location: 2F
2-2: Strikes out looking
Batting: RHB Héctor Moreno 0-0: Ball
Luis Trevino is caught stealing 2nd base
1-0: Ball
2-0: Called Strike
2-1: Foul Ball, location: 2F
2-2: Fly out, F9 (Flyball, 89S)
Bottom of the 1st over - 0 run(s), 1 hit(s), 0 error(s), 0 left on base; Springfield 0 - Glendale 0
TOP OF THE 2ND
Springfield Shooters batting - Pitching for Glendale Herons : RHP Bob McGhee
Batting: LHB José Ruíz 0-0: Ball
1-0: Called Strike
1-1: Foul Ball, location: 2F
1-2: SINGLE (Groundball, 25) (infield hit)
Batting: RHB Grady Walkinshaw 0-0: Swinging Strike
0-1: Ball
1-1: Foul Ball, location: 2F
1-2: Hit by Pitch
José Ruíz to second
Batting: RHB Frank Crocker 0-0: Ball
1-0: Ball
2-0: Ball
3-0: Base on Balls
José Ruíz to third
Grady Walkinshaw to second
Batting: SHB Eugene Bentley 0-0: Ball
1-0: Fly out, F7 (Flyball, 7S)
Batting: RHB Ty Struck 0-0: Ball
1-0: Called Strike
1-1: Swinging Strike
1-2: Strikes out swinging
Batting: LHB John Ennis 0-0: Called Strike
0-1: Called Strike
0-2: Strikes out swinging
Top of the 2nd over - 0 run(s), 1 hit(s), 0 error(s), 3 left on base; Springfield 0 - Glendale 0
BOTTOM OF THE 2ND
Glendale Herons batting - Pitching for Springfield Shooters : RHP Ken Aldridge
Batting: RHB Ronald Drumpf 0-0: Called Strike
0-1: Foul Ball, location: 2F
0-2: Ball
1-2: Ball
2-2: Ball
3-2: Foul Ball, location: 2F
3-2: Fly out, F2 (Popup, 25)
Batting: RHB José Masaferro 0-0: Foul Ball, location: 2F
0-1: Ball
1-1: Foul Ball, location: 2F
1-2: SINGLE (Groundball, 34D)
Batting: RHB Cristián Lima 0-0: Foul Ball, location: 2F
0-1: Ball
1-1: Foul Ball, location: 2F
1-2: Ball
2-2: Ball
3-2: Base on Balls
José Masaferro to second
Batting: RHB Ramón Hernández 0-0: Foul Ball, location: 2F
0-1: Ball
1-1: Ball
2-1: DOUBLE (Line Drive, 9LM)
José Masaferro scores
Cristián Lima to third
Runner from 3rd tries for Home, SAFE, no throw
Batting: SHB Raúl Duarte 0-0: Ball
1-0: Foul Ball, location: 2F
1-1: Foul Ball, location: 2F
1-2: Strikes out looking
Batting: RHB José Villegas 0-0: Called Strike
0-1: Swinging Strike
0-2: Ball
1-2: Ball
2-2: Strikes out swinging
Bottom of the 2nd over - 2 run(s), 2 hit(s), 0 error(s), 1 left on base; Springfield 0 - Glendale 2
TOP OF THE 3RD
Springfield Shooters batting - Pitching for Glendale Herons : RHP Bob McGhee
Batting: RHB Tripp Donahue 0-0: Ball
1-0: Called Strike
1-1: Ball
2-1: Ball
3-1: Base on Balls
Batting: LHB Gabriel Díaz 0-0: Ball
1-0: Called Strike
1-1: Ball
2-1: Fly out, F7 (Flyball, 78M)
Batting: RHB Fernando Rivera 0-0: Fly out, F8 (Flyball, 8RD)
Batting: LHB José Ruíz 0-0: Ball
1-0: Ball
2-0: Ball
3-0: Base on Balls
Tripp Donahue to second
Batting: RHB Grady Walkinshaw 0-0: Fly out, F8 (Flyball, 8LM)
Top of the 3rd over - 0 run(s), 0 hit(s), 0 error(s), 2 left on base; Springfield 0 - Glendale 2
BOTTOM OF THE 3RD
Glendale Herons batting - Pitching for Springfield Shooters : RHP Ken Aldridge
Batting: RHB Luis Trevino 0-0: Swinging Strike
0-1: Ball
1-1: SINGLE (Groundball, 56D)
Batting: RHB Jordan Hollins 0-0: Called Strike
Throwing error on steal attempt, E2
Luis Trevino to third
0-1: Called Strike
0-2: Ball
1-2: Ball
2-2: Foul Ball, location: 2F
2-2: Ball
3-2: Ground out 6-3 (Groundball, 6)
Luis Trevino scores
Batting: RHB Héctor Moreno 0-0: Ball
1-0: Ball
2-0: Ball
3-0: Called Strike
3-1: Foul Ball, location: 2F
3-2: Ground out 1-3 (Groundball, 13)
Batting: RHB Ronald Drumpf 0-0: Fly out, F2 (Popup, 15)
Bottom of the 3rd over - 1 run(s), 1 hit(s), 1 error(s), 0 left on base; Springfield 0 - Glendale 3
TOP OF THE 4TH
Springfield Shooters batting - Pitching for Glendale Herons : RHP Bob McGhee
Batting: RHB Frank Crocker 0-0: SINGLE (Line Drive, 89S)
Batting: SHB Eugene Bentley 0-0: Ball
1-0: Ball
2-0: Foul Ball, location: 2F
2-1: SINGLE (Groundball, 6MD)
Frank Crocker to second
Batting: RHB Ty Struck 0-0: Fly out, F7 (Flyball, 7LS)
Batting: LHB John Ennis 0-0: Ball
1-0: Foul Ball, location: 2F
1-1: Called Strike
1-2: Strikes out looking
Batting: RHB Tripp Donahue 0-0: Ball
1-0: Ball
2-0: Called Strike
2-1: Ball
3-1: Foul Ball, location: 2F
3-2: Foul Ball, location: 2F
3-2: Foul Ball, location: 2F
3-2: Strikes out looking
Top of the 4th over - 0 run(s), 2 hit(s), 0 error(s), 2 left on base; Springfield 0 - Glendale 3
BOTTOM OF THE 4TH
Glendale Herons batting - Pitching for Springfield Shooters : RHP Ken Aldridge
Batting: RHB José Masaferro 0-0: Foul Ball, location: 2F
0-1: Ball
1-1: Called Strike
1-2: Foul Ball, location: 2F
1-2: Ball
2-2: Foul Ball, location: 2F
2-2: Foul Ball, location: 2F
2-2: Foul Ball, location: 2F
2-2: Ball
3-2: Base on Balls
Batting: RHB Cristián Lima 0-0: Ball
1-0: Called Strike
1-1: Ball
2-1: Ball
3-1: Called Strike
3-2: Ground out 6-3 (Groundball, 6)
José Masaferro to second
Batting: RHB Ramón Hernández 0-0: Fly out, F8 (Flyball, 89M)
Batting: SHB Raúl Duarte 0-0: Ball
1-0: Called Strike
1-1: Ball
2-1: Ball
3-1: Fly out, F8 (Flyball, 8RS)
Bottom of the 4th over - 0 run(s), 0 hit(s), 0 error(s), 1 left on base; Springfield 0 - Glendale 3
TOP OF THE 5TH
Springfield Shooters batting - Pitching for Glendale Herons : RHP Bob McGhee
Batting: LHB Gabriel Díaz 0-0: Fly out, F8 (Flyball, 78M)
Batting: RHB Fernando Rivera 0-0: Ball
1-0: Ball
2-0: Ball
3-0: Called Strike
3-1: Ground out 6-3 (Groundball, 6)
Batting: LHB José Ruíz 0-0: Ball
1-0: Ball
2-0: Swinging Strike
2-1: Foul Ball, location: 2F
2-2: Fly out, F7 (Flyball, 7)
Top of the 5th over - 0 run(s), 0 hit(s), 0 error(s), 0 left on base; Springfield 0 - Glendale 3
BOTTOM OF THE 5TH
Glendale Herons batting - Pitching for Springfield Shooters : RHP Ken Aldridge
Batting: RHB José Villegas 0-0: Ball
1-0: Ball
2-0: Called Strike
2-1: SINGLE (Line Drive, 9)
Batting: RHB Luis Trevino 0-0: Ball
1-0: Called Strike
1-1: Ball
2-1: Bunted foul
2-2: Foul Ball, location: 2F
2-2: Ball
3-2: Fielders Choice at 2nd, 5-4 (Groundball, 56)
Batting: RHB Jordan Hollins 0-0: Swinging Strike
0-1: Ball
Luis Trevino is caught stealing 2nd base
1-1: Foul Ball, location: 2F
1-2: Ball
2-2: Ground out 5-3 (Groundball, 56S)
Bottom of the 5th over - 0 run(s), 1 hit(s), 0 error(s), 0 left on base; Springfield 0 - Glendale 3
TOP OF THE 6TH
Springfield Shooters batting - Pitching for Glendale Herons : RHP Bob McGhee
Batting: RHB Grady Walkinshaw 0-0: Ball
1-0: Ball
2-0: SINGLE (Flyball, 8RS)
Batting: RHB Frank Crocker 0-0: Foul Ball, location: 2F
0-1: Sac Bunt - play at first, batter OUT! 1-3
Grady Walkinshaw to second
Batting: SHB Eugene Bentley 0-0: Ball
1-0: Fly out, F8 (Flyball, 8LD)
Runner from 2nd tags up, SAFE at 3rd, no throw
Batting: RHB Ty Struck 0-0: Ball
1-0: Called Strike
1-1: Called Strike
1-2: Ball
2-2: Ball
3-2: Fly out, F9 (Flyball, 9S)
Top of the 6th over - 0 run(s), 1 hit(s), 0 error(s), 1 left on base; Springfield 0 - Glendale 3
BOTTOM OF THE 6TH
Glendale Herons batting - Pitching for Springfield Shooters : RHP Ken Aldridge
Batting: RHB Héctor Moreno 0-0: SINGLE (Line Drive, 34)
Batting: RHB Ronald Drumpf 0-0: Called Strike
0-1: Ball
1-1: Ball
2-1: Called Strike
2-2: Foul Ball, location: 2F
2-2: Strikes out swinging
Pitching: RHP Dustin Richmond
Batting: RHB José Masaferro 0-0: Ball
Wild Pitch!
Héctor Moreno to second
1-0: Ball
2-0: Called Strike
2-1: Foul Ball, location: 2F
2-2: Strikes out looking
Batting: RHB Cristián Lima 0-0: Called Strike
0-1: Foul Ball, location: 2F
0-2: Fly out, F7 (Line Drive, 78D)
Bottom of the 6th over - 0 run(s), 1 hit(s), 0 error(s), 1 left on base; Springfield 0 - Glendale 3
TOP OF THE 7TH
Springfield Shooters batting - Pitching for Glendale Herons : RHP Bob McGhee
Batting: LHB John Ennis 0-0: Swinging Strike
0-1: Ball
1-1: Ball
2-1: Foul Ball, location: 2F
2-2: Strikes out swinging
Batting: RHB Tripp Donahue 0-0: Called Strike
0-1: Fly out, F3 (Flyball, 3D)
Batting: LHB Gabriel Díaz 0-0: Ball
1-0: Called Strike
1-1: Ball
2-1: Foul Ball, location: 2F
2-2: Ball
3-2: Base on Balls
Pitching: RHP Carlos Rúbio
Batting: RHB Fernando Rivera 0-0: Swinging Strike
0-1: Ball
1-1: Called Strike
1-2: Strikes out swinging
Top of the 7th over - 0 run(s), 0 hit(s), 0 error(s), 1 left on base; Springfield 0 - Glendale 3
BOTTOM OF THE 7TH
Glendale Herons batting - Pitching for Springfield Shooters : RHP Dustin Richmond
Batting: RHB Ramón Hernández 0-0: Fly out, F8 (Flyball, 78M)
Batting: SHB Raúl Duarte 0-0: Fly out, F8 (Flyball, 8LS)
Batting: RHB José Villegas 0-0: Ball
1-0: Called Strike
1-1: Ball
2-1: Ball
3-1: DOUBLE (Line Drive, 8RD)
Batting: RHB Luis Trevino 0-0: Ball
1-0: Foul Ball, location: 2F
1-1: Foul Ball, location: 2F
1-2: Ground out 5-3 (Groundball, 56S)
Bottom of the 7th over - 0 run(s), 1 hit(s), 0 error(s), 1 left on base; Springfield 0 - Glendale 3
TOP OF THE 8TH
Springfield Shooters batting - Pitching for Glendale Herons : RHP Carlos Rúbio
Batting: LHB José Ruíz 0-0: Ground out 4-3 (Groundball, 4)
Batting: RHB Grady Walkinshaw 0-0: Swinging Strike
0-1: Fly out, F7 (Flyball, 7LSF)
Batting: RHB Frank Crocker 0-0: Called Strike
0-1: Ball
1-1: Ball
2-1: SINGLE (Flyball, 56D)
Batting: SHB Eugene Bentley 0-0: Ball
1-0: Ball
2-0: Called Strike
2-1: Ball
3-1: Base on Balls
Frank Crocker to second
Batting: RHB Ty Struck 0-0: Ball
1-0: Foul Ball, location: 2F
1-1: Swinging Strike
1-2: Foul Ball, location: 2F
1-2: Ball
2-2: Foul Ball, location: 2F
2-2: Ball
3-2: Foul Ball, location: 2F
3-2: Ground out 5-3 (Groundball, 5)
Top of the 8th over - 0 run(s), 1 hit(s), 0 error(s), 2 left on base; Springfield 0 - Glendale 3
BOTTOM OF THE 8TH
Glendale Herons batting - Pitching for Springfield Shooters : RHP Dustin Richmond
Batting: RHB Jordan Hollins 0-0: Called Strike
0-1: Ball
1-1: Called Strike
1-2: Foul Ball, location: 2F
1-2: Ball
2-2: Strikes out looking
Batting: RHB Héctor Moreno 0-0: Ball
1-0: Ball
2-0: Foul Ball, location: 2F
2-1: Called Strike
2-2: Ball
3-2: Foul Ball, location: 2F
3-2: Fly out, F6 (Popup, 6)
Batting: RHB Ronald Drumpf 0-0: Ball
1-0: Foul Ball, location: 2F
1-1: Ball
2-1: Fly out, F5 (Popup, 5)
Bottom of the 8th over - 0 run(s), 0 hit(s), 0 error(s), 0 left on base; Springfield 0 - Glendale 3
TOP OF THE 9TH
Springfield Shooters batting - Pitching for Glendale Herons : RHP Carlos Rúbio
Pitching: LHP Ralph Horn
Batting: LHB John Ennis 0-0: Called Strike
0-1: Ball
1-1: Ball
2-1: DOUBLE (Groundball, 3L)
Batting: RHB Tripp Donahue 0-0: Ground out 4-3 (Groundball, 4D)
John Ennis to third
Batting: LHB Gabriel Díaz 0-0: Ball
1-0: Foul Ball, location: 2F
1-1: Ball
2-1: Called Strike
2-2: Fly out, F7 (Flyball, 7S)
Batting: RHB Fernando Rivera 0-0: Foul Ball, location: 2F
0-1: Called Strike
0-2: Ball
1-2: Ball
2-2: Ball
3-2: Fly out, F8 (Flyball, 89D)
Top of the 9th over - 0 run(s), 1 hit(s), 0 error(s), 1 left on base; Springfield 0 - Glendale 3
Friday, December 30th, 2016 - OOTP Baseball 17.12 Build 75